Match 27760078
Unlisted

Match 27760078
End
Construct Barracks
Selects Advanced Infantry Battlegroup
Riflemen Squad
Riflemen Squad
Grenade Package
M1 Mortar Team
Infantry Support Center
Selects Convert to Ranger Squad
Riflemen Squad
Convert to Ranger Squad
Construct Motor Pool
Selects Artillery Observers
Selects Artillery Observers
M8 Greyhound Armored Car
Convert to Ranger Squad
Engineer Squad
M1 Anti-tank Gun Team
Selects Frontline Medical Station
Convert to Ranger Squad
Ranger Squad
Construct Tank Depot
Selects Infantry Assault
Infantry Assault
M4(105) Sherman Bulldozer
Selects M2A1 105mm Howitzer Emplacement
M18 Hellcat Tank Destroyer
Infantry Assault
montheponies
BravoTwoZer0
Kapitan Kastet
Silvio Guastatori
Insurmountable Odds
Volare
0
0

Comments sign in to comment!

No comments posted yet!